Map: Deathaura LE

Players

TheCowboy - Winner!

  • Race: Protoss Protoss
  • League: Grandmaster
  • Spawn Location: 5:00

VOD

Have the link to the VOD?

Description

Time

  • Played on: Jan. 4, 2021, 3:02 a.m.
  • Length: 5:49
Show
View Real Time Build Order
Export as new Build Order

TheCowboy Protoss - Winner!

Build Orders: 1 Gate Expand, Mass Adepts 

Get SALT Encoding   

  12  0:04  Probe  
  12  0:16  Probe  
  12  0:23  Pylon  
  12  0:29  Probe (Chrono Boost)  
  12  0:41  Probe (Chrono Boost), Gateway  
  12  0:48  Probe  
  12  0:53  Assimilator  
  12  1:01  Probe  
  12  1:13  Probe  
  12  1:25  Probe  
  12  1:30  Nexus  
  12  1:34  Cybernetics Core  
  12  1:41  Probe  
  12  1:43  Assimilator  
  12  1:48  Pylon  
  12  1:53  Probe  
  12  2:05  Probe (Chrono Boost)  
  12  2:07  Adept (Chrono Boost)  
  12  2:10  Warp Gate  
  12  2:17  Probe (Chrono Boost)  
  12  2:23  Probe (Chrono Boost)  
  12  2:31  Probe (Chrono Boost), Stalker  
  12  2:33  Twilight Council  
  12  2:42  Probe (Chrono Boost)  
  12  2:49  Probe (Chrono Boost)  
  12  2:51  Probe (Chrono Boost)  
  12  2:52  Robotics Facility  
  12  2:56  Probe x2 (Chrono Boost)  
  12  3:04  Gateway  
  12  3:07  Probe  
  12  3:08  Probe  
  12  3:12  Adept  
  12  3:20  Probe  
  12  3:21  Probe  
  12  3:25  Resonating Glaives (Chrono Boost)  
  12  3:26  Gateway  
  12  3:27  Gateway  
  12  3:32  Probe  
  12  3:34  Probe  
  12  3:41  Warp Prism (Chrono Boost)  
  12  3:46  Probe  
  12  3:48  Pylon  
  12  3:52  Pylon  
  12  4:02  Pylon  
  12  4:06  Adept x2, Probe x2  
  12  4:12  Pylon  
  12  4:18  Probe x2  
  12  4:26  Adept x4  
  12  4:33  Probe x2  
  12  4:36  Assimilator  
  12  4:43  Pylon  
  12  4:47  Adept x3, Assimilator  
  12  4:49  Adept  
  12  4:52  Probe  
  12  4:53  Probe  
  12  4:54  Observer  
  12  5:13  Adept x2  
  12  5:15  Adept  
  12  5:18  Adept  
  12  5:20  Probe  
  12  5:21  Nexus  
  12  5:23  Pylon  
  12  5:27  Probe  
  12  5:32  Probe  
  12  5:43  Pylon  
  12  5:45  Forge  
Tags
 
Add a new tag
Caveats
  • Supply blocks, unpowered buildings, or Contaminate may cause inaccurate times.
  • Supply counts are checked every 10 seconds.